 Dungeon Crawl Stone Soup version 0.28.0 (webtiles) character file.

Game seed: 1980973052210135486

56 trckry the Conjurer (level 3, -4/26 HPs)
             Began as a Draconian Conjurer on Feb 8, 2022.
             Was a Believer of Makhleb.
             Slain by Terence (7 damage)
             ... on level 2 of the Dungeon.
             The game lasted 00:04:58 (1375 turns).

trckry the Conjurer (Draconian Conjurer)            Turns: 1375, Time: 00:05:00

Health: -4/26      AC:  5    Str:  9    XL:     3   Next: 69%
Magic:  1/6        EV: 12    Int: 20    God:    Makhleb [**....]
Gold:   41         SH:  0    Dex:  9    Spells: 3/6 levels left

rFire   . . .      SeeInvis .   (no weapon)
rCold   . . .      Faith    .   (no shield)
rNeg    . . .      Spirit   .   (armour unavailable)
rPois   .          Reflect  .   (helmet restricted)
rElec   .          Harm     .   (no cloak)
rCorr   +          Rampage  .   (no gloves)
Will    .....                   (no boots)
Stlth   ++........              (no amulet)
HPRegen 0.08/turn               b - ring of resist corrosion
MPRegen 0.10/turn               (no ring)

@: brilliant
A: AC +5, unfitting armour, cold-blooded
a: Renounce Religion, Minor Destruction


You were on level 2 of the Dungeon.
You worshipped Makhleb.
Makhleb was pleased with you.
You visited 1 branch of the dungeon, and saw 2 of its levels.

You collected 41 gold pieces.

Inventory:

Jewellery
 b - a ring of resist corrosion (left hand)
Scrolls
 a - a scroll of teleportation {unknown}
 c - a scroll of noise {unknown}
 d - a scroll of blinking {unknown}
 f - a scroll of magic mapping {unknown}
 g - a scroll of fear {unknown}


   Skills:
 - Level 2.0 Dodging
 - Level 2.0 Stealth
 + Level 2.4 Spellcasting
 * Level 4.6 Conjurations
 * Level 1.5 Invocations


You had 3 spell levels left.
You knew the following spells:

 Your Spells              Type           Power      Damage    Failure   Level
a - Magic Dart            Conj           100%       1d8       2%          1
b - Searing Ray           Conj           62%        2d6       3%          2

Your spell library contained the following spells:

 Spells                   Type           Power      Damage    Failure   Level
 Dazzling Flash           Conj/Hex       34%        N/A       17%         3
 Gell's Gravitas          Tloc           3%         N/A       41%         3
 Teleport Other           Tloc           3%         N/A       41%         3
 Fulminant Prism          Conj/Hex       8%         3d7       50%         4
 Iskenderun's Mystic Bla  Conj/Tloc      17%        2d5       50%         4
 Dispersal                Tloc           1%         N/A       100%        6


Dungeon Overview and Level Annotations

Branches:
Dungeon (2/15)

Altars:
Makhleb

Annotations:
D:2 Terence


Innate Abilities, Weirdness & Mutations

Your plain brown scales are hard. (AC +5)
You cannot fit into any form of body armour.
You are cold-blooded and may be slowed by cold attacks.


Message History

Terence the Incautious comes into view.
He is wielding a +2 vorpal trident and carrying a wand of flame (28).
Aiming: Minor Destruction (13% risk of failure)
Press: ? - help, Shift-Dir - straight line, f - goblin
Aim: a goblin, wielding a +0 hunting sling and quivering stones You fail to use your ability.
An adder skeleton comes into view.
The goblin shoots a stone.
The stone hits you.
Really renounce your faith, foregoing its fabulous benefits? [Y]es or [N]o only, please.
Really renounce your faith, foregoing its fabulous benefits? [Y]es or [N]o only, please.
Really renounce your faith, foregoing its fabulous benefits?
Okay, then.
The goblin shoots a stone.
The stone hits you.
You see here a +0 dagger.
Found a stone staircase leading up.
The goblin shoots a stone.
The stone hits you.
The goblin shoots a stone.
The stone hits you.
There is a stone staircase leading up here.
Casting: Magic Dart (safe; 2% risk of failure)
Confirm with . or Enter, or press ? or * to list all spells.
Aiming: Magic Dart (safe; 2% risk of failure)
Press: ? - help, Shift-Dir - straight line, f/p - goblin
Aim: a goblin, wielding a +0 hunting sling and quivering stones (100% to hit)
You feel a surge of power!
The magic dart hits the goblin.
You kill the goblin!
Makhleb accepts your kill.
You feel better.
Casting: Magic Dart (safe; 2% risk of failure)
Confirm with . or Enter, or press ? or * to list all spells.
You don't have enough magic to cast this spell.
Unknown command.
The jackal bites you but does no damage.
Found a scroll labelled BOPLOU GONUGUH.
The jackal bites you.
* * * LOW HITPOINT WARNING * * *
Terence screams, "I want your blood!"
Terence hits you from afar with a +2 vorpal trident.
* * * LOW HITPOINT WARNING * * *
x2 Terence hits you with a +2 vorpal trident!
You die...

...........##..#)# .
...........##.##.#
#....##.....#.##)#####..
#..####.#.....##........
#.......................
#.......##..#g##.###....
#.......##....##Z.. ...
#.......##....##@### ..
...###..##....##@# .
##.##....#....##h#
##.##....#..<###.###
##.##....#.........+
.........#...###.###
.........#...# #.#
##.#.)........ ?..
##.#.......... ....
.........#.... .....


You could see Terence, a jackal and an adder skeleton.

Vanquished Creatures
  Robin (D:2)
  A worm (D:2)
  A dart slug (D:1)
  8 endoplasms
  9 goblins
  4 hobgoblins (D:2)
  A jackal (D:2)
  A quokka (D:1)
  A ball python (D:1)
  A bat (D:1)
  2 frilled lizards (D:1)
  A kobold (D:1)
  4 rats (D:1)
35 creatures vanquished.

Vanquished Creatures (others)
  A goblin (D:2)
1 creature vanquished.

Grand Total: 36 creatures vanquished

Notes
Turn   | Place    | Note
-------+----------+-------------------------------------------
     0 | D:1      | trckry the Draconian Conjurer began the quest for the Orb.
     0 | D:1      | Reached XP level 1. HP: 14/14 MP: 3/3
     6 | D:1      | Found a faded altar of an unknown god.
   104 | D:1      | Prayed at the altar of an unknown god.
   104 | D:1      | Became a worshipper of Makhleb the Destroyer
   104 | D:1      | Reached * piety under Makhleb
   332 | D:1      | Reached XP level 2. HP: 20/20 MP: 1/5
   335 | D:1      | Learned a level 2 spell: Searing Ray
  1217 | D:2      | Reached XP level 3. HP: 25/26 MP: 0/6
  1285 | D:2      | Reached skill level 1 in Invocations
  1328 | D:2      | Noticed Robin
  1349 | D:2      | Reached ** piety under Makhleb
  1351 | D:2      | HP: 3/26 [goblin[Robin] (1)]
  1352 | D:2      | Killed Robin
  1357 | D:2      | Noticed Terence
  1374 | D:2      | HP: 3/26 [Terence (4)]
  1375 | D:2      | Slain by Terence

Illustrated notes

Levels and vault maps discovered:
D:1:      dpeg_arrival_tiny_b, layout_loops_cross, ebering_ecumenical_altar_rust
D:2:      layout_basic, nrook_uturn, minmay_unequal, uniq_robin, uniq_terence

Skill      XL: |  1  2  3 |
---------------+----------+-----
Stealth        | 2 |  2.0
Dodging        | 2 |  2.0
Invocations    | 1 |  1.5
Spellcasting   | |  2.4
Conjurations   | |  4.6

Action                   || total
-------------------------++-------
Melee: Unarmed           ||     2
 Cast: Magic Dart        ||    57
       Searing Ray       ||     2
Invok: Minor Destruction ||     2
  Use: Potion            ||     2
Armor: Skin              ||    10
Dodge: Dodged            ||    21
